 Dungeon Crawl Stone Soup version 0.30-a0-330-g8f2769a82d (webtiles) character file.

Game seed: 15821767042569186905

88 Engwar the Insei (level 4, -4/28 HPs)
             Began as an Octopode Transmuter on Oct 29, 2022.
             Slain by an iguana (14 damage)
             ... on level 4 of the Dungeon.
             The game lasted 00:04:03 (2711 turns).

Engwar the Insei (Octopode Transmuter)              Turns: 2711, Time: 00:04:04

Health: -4/28      AC:  2    Str:  9    XL:     4   Next: 53%
Magic:  5/7        EV: 19    Int: 17    God:
Gold:   276        SH:  0    Dex: 17    Spells: 1/7 levels left

rFire   . . .      SeeInvis .      - Unarmed
rCold   . . .      Faith    .    (shield currently unavailable)
rNeg    . . .      Spirit   .    (helmet currently unavailable)
rPois   x          Reflect  .    (no amulet)
rElec   .          Harm     .    d - ring of wizardry
rCorr   .          Rampage  .    (no ring)
Will    .....                    (no ring)
Stlth   ++........               (no ring)
HPRegen 0.24/turn                (no ring)
MPRegen 0.10/turn                (no ring)
                                 (no ring)
                                 (no ring)

@: lethally poisoned (-4 -> -6), spider-form (expiring)
A: venomous fangs, almost no armour, (amphibious), 8 rings, tiny, (camouflage
1), (gelatinous body 1), (nimble swimmer 1), (tentacles)
a: End Transformation


You were on level 4 of the Dungeon.
You were a venomous arachnid creature.
You visited 1 branch of the dungeon, and saw 4 of its levels.

You collected 276 gold pieces.

Inventory:

Jewellery
 d - a ring of wizardry (left front leg)
Scrolls
 c - a scroll of immolation {unknown}
 h - a scroll of butterflies
Potions
 a - 2 potions of lignification
 b - a potion of haste {unknown}
 e - a potion of berserk rage
 f - 3 potions of curing
 g - a potion of cancellation


   Skills:
 - Level 1.0 Fighting
 - Level 2.0 Dodging
 - Level 3.0 Stealth
 + Level 3.8 Unarmed Combat
 - Level 2.0 Spellcasting
 + Level 3.1 Transmutations
 + Level 0.5 Poison Magic


You had one spell level left.
You knew the following spells:

 Your Spells              Type           Power      Damage    Failure   Level
a - Beastly Appendage     Tmut           24%        N/A       6%          1
b - Wereblood             Tmut           12%        N/A       9%          2
c - Spider Form           Tmut/Pois      7%         N/A       22%         3

Your spell library contained the following spells:

 Spells                   Type           Power      Damage    Failure   Level
 Call Canine Familiar     Summ           1%         N/A       38%         3
 Portal Projectile        Hex/Tloc       2%         N/A       38%         3
 Ice Form                 Ice/Tmut       6%         N/A       54%         4
 Leda's Liquefaction      Hex/Erth       0%         N/A       71%         4
 Freezing Cloud           Conj/Ice/Air   0%         6-21      95%         5
 Simulacrum               Ice/Necr       0%         N/A       100%        6
 Polar Vortex             Ice            0%         N/A       100%        9


Dungeon Overview and Level Annotations

Branches:
Dungeon (4/15)
 Temple: D:4-7

Altars:
Fedhas
Hepliaklqana
Nemelex Xobeh
Sif Muna
Xom


Innate Abilities, Weirdness & Mutations

You are a venomous arachnid creature.
You have poisonous fangs.
You are tiny and dextrous.
Your spellcasting is less reliable in this form.
Your armour is entirely melded.
You are incapable of wielding weapons or throwing items.
You cannot wear most types of armour.
((You are amphibious.))
You can wear up to eight rings at the same time.
((Your skin changes colour to match your surroundings (Stealth+).))
((Your rubbery body absorbs attacks. (AC +1, EV +1)))
((You are camouflaged when in or above water. (Stealth+)))
((You have tentacles for arms and can constrict up to eight enemies at once.))


Message History

You kill the jackal!
An adder comes into view.
Casting: Beastly Appendage (safe; 2% risk of failure)
Confirm with . or Enter, or press ? or * to list all spells.
Your tentacle spike disappears.
You turn into a venomous arachnid creature.
The jackal barely misses you.
You closely miss the jackal.
Your transformation is almost over.
The jackal misses you. The jackal completely misses you.
You hit the jackal.
You kill the jackal!
The iguana hisses menacingly.
The adder misses you.
You hit the adder.
The adder is poisoned.
The adder is heavily wounded.
The adder closely misses you.
You hit the adder.
The adder looks as sick as possible!
The adder is severely wounded.
The adder bites you.
You are poisoned.
The adder poisons you!
You hit the adder but do no damage.
The adder looks as sick as possible!
The adder is severely wounded.
You feel sick.
You kill the adder!
You feel sick. The iguana bites you!
Things that are here:
an adder corpse; a jackal corpse You hit the iguana but do no damage.
You feel sick. The iguana closely misses you.
You hit the iguana but do no damage.
You feel sick. The iguana barely misses you.
You hit the iguana but do no damage.
The iguana is poisoned.
You feel sick. The iguana misses you.
You barely miss the iguana.
The iguana is lightly wounded.
You feel sick. The iguana bites you!
Ouch! That really hurt!
You die...

.#...#.................#
.........####.#.######.#
######..# #.#<# #.# #..#
#.#.######.# #=##
#.#......#.# #.#
#.######.#.< #.# #.#
##.<.## #.# #.# ##.....#
#s# #.# #..)....
.......l# #........
......... ##.......
####..#### ##.....# #..
##...## #.. ##.### ##
### # # ### #


You could see an iguana (very poisoned).

Vanquished Creatures
  3 adders
  2 worms
  5 endoplasms
  3 giant cockroaches
  2 hobgoblins (D:3)
  9 jackals
  2 quokkas
  3 ball pythons
  4 bats
  5 frilled lizards (D:2)
  7 goblins
  5 kobolds
  3 rats
53 creatures vanquished.

Notes
Turn   | Place    | Note
-------+----------+-------------------------------------------
     0 | D:1      | Engwar the Octopode Transmuter began the quest for the Orb.
     0 | D:1      | Reached XP level 1. HP: 13/13 MP: 3/3
   323 | D:1      | Reached skill level 1 in Stealth
   327 | D:1      | Reached XP level 2. HP: 18/18 MP: 3/5
   330 | D:1      | Learned a level 2 spell: Wereblood
  1124 | D:2      | Reached XP level 3. HP: 23/23 MP: 6/6
  1128 | D:2      | Learned a level 3 spell: Spider Form
  1542 | D:2      | Found a shimmering altar of Xom.
  1883 | D:3      | Found a hazy altar of Hepliaklqana.
  1923 | D:3      | Reached XP level 4. HP: 8/28 MP: 5/7
  2141 | D:3      | Found a large runed translucent door.
  2144 | D:3      | Found a large runed translucent door.
  2216 | D:3      | Found a shimmering blue altar of Sif Muna.
  2227 | D:3      | Found a sparkling altar of Nemelex Xobeh.
  2257 | D:3      | Identified the +4 sling of Gehenna {freeze, rPois rC+}
  2572 | D:4      | Found a blossoming altar of Fedhas.
  2711 | D:4      | Slain by an iguana

Illustrated notes

Levels and vault maps discovered:
D:1:      wander_arrival_lonely_grave, layout_basic
D:2:      layout_basic, basic_altar
D:3:      layout_loops_ring, marbit_many_paths, jmf_multi_god_temple2,
          chequers_serial_rivers_small_a
D:4:      layout_loops_ring, pf_just_have_faith, grunt_ministairs_14,
          minmay_misc_feat_enclosed, uniq_eustachio

Skill      XL: |  1  2  3  4 |
---------------+-------------+-----
Stealth        | 1 2 3 |  3.0
Transmutations | 3 |  3.1
Fighting       | |  1.0
Dodging        | |  2.0
Unarmed Combat | |  3.8
Spellcasting   | |  2.0
Poison Magic   | |  0.5

Action                   |  1- 3 |  4- 6 || total
-------------------------+-------+-------++-------
Melee: Unarmed           |    95 |    29 ||   124
       Constrict         |    18 |     8 ||    26
       Kick              |     8 |     1 ||     9
       Punch             |     4 |     2 ||     6
       Tentacles         |    10 |     6 ||    16
 Cast: Beastly Appendage |     8 |     2 ||    10
       Spider Form       |       |     1 ||     1
  Use: Scroll            |     8 |     1 ||     9
 Stab: Sleeping          |    13 |     3 ||    16
Armor: Skin              |     6 |       ||     6
Dodge: Dodged            |    61 |    21 ||    82

Table legend: (Time is in decaauts)
 A = Elapsed time spent in this place.
 B = Non-inter-level travel time spent in this place.
 C = Inter-level travel time spent in this place.
 D = Time resting spent in this place.
 E = Time spent auto-exploring this place.
 F = Levels seen in this place.
 G = Mean time per level.
                   A        B        C        D        E       F      G
               +--------+--------+--------+--------+--------+-----+--------+
         Total |   2702 |   2594 |    108 |      0 |   2132 |   4 |  675.5 |
       Dungeon |   2702 |   2594 |    108 |      0 |   2132 |   4 |  675.5 |
               +--------+--------+--------+--------+--------+-----+--------+

Top non-repeatable levels by time:
     D:2: 1024 daAuts
     D:1: 803 daAuts
     D:3: 734 daAuts
     D:4: 140 daAuts
